 Seeded DCSS version 0.29-a0-371-g91724d5b39 (webtiles) character file.

Game seed: 12468528015185605750 (custom seed)

90 zeratav the Cudgeller (level 4, -3/39 HPs)
             Began as a Minotaur Fighter on May 2, 2022.
             Killed from afar by an orc wizard (8 damage)
             ... with a puff of flame
             ... on level 4 of the Dungeon.
             The game lasted 00:03:20 (3295 turns).

zeratav the Cudgeller (Minotaur Fighter)            Turns: 3295, Time: 00:03:21

Health: -3/39      AC:  6    Str: 23    XL:     4   Next: 32%
Magic:  3/3        EV:  9    Int:  5    God:
Gold:   179        SH:  4    Dex:  9    Spells: 3/3 levels left

rFire   . . .      SeeInvis .   m - +0 morningstar {mace}
rCold   . . .      Faith    .   c - +0 buckler
rNeg    . . .      Spirit   .   b - +0 scale mail
rPois   .          Reflect  .   (helmet restricted)
rElec   .          Harm     .   (no cloak)
rCorr   .          Rampage  .   (no gloves)
Will    .....                   (no boots)
Stlth   ..........              (no amulet)
HPRegen 0.13/turn               (no ring)
MPRegen 0.08/turn               (no ring)

@: no status effects
A: horns 2, retaliatory headbutt
a: no special abilities


You were on level 4 of the Dungeon.
You visited 1 branch of the dungeon, and saw 4 of its levels.

You collected 179 gold pieces.


Innate Abilities, Weirdness & Mutations

You have a pair of horns on your head.
You reflexively headbutt those who attack you in melee.


   Skills:
 - Level 3.6 Fighting
 + Level 5.6 Maces & Flails
 - Level 3.6 Armour
 - Level 3.6 Shields


You had 3 spell levels left.
You didn't know any spells.
Your spell library contained the following spells:

 Spells                   Type           Power      Damage    Failure   Level
 Shock                    Conj/Air       0%         1d3       86%         1
 Scorch                   Fire           0%         2d5       95%         2
 Call Canine Familiar     Summ           0%         N/A       99%         3
 Portal Projectile        Hex/Tloc       0%         N/A       99%         3
 Swiftness                Air            0%         N/A       99%         3
 Airstrike                Air            0%         N/A       100%        4
 Flame Wave               Conj/Fire      0%         2d4       100%        4
 Leda's Liquefaction      Hex/Erth       0%         N/A       100%        4
 Summon Cactus Giant      Summ           0%         N/A       100%        6

Inventory:

Hand Weapons
 a - a +0 flail {mace}
 m - a +0 morningstar (weapon) {mace}
   (You found it on level 2 of the Dungeon)
 s - a +1 dagger of venom {short}
   (You took it off a goblin on level 2 of the Dungeon)
 C - a +1 short sword of draining {short}
   (You found it on level 1 of the Dungeon)
 D - a +2 spear of flaming {polearm}
   (You found it on level 1 of the Dungeon)
Missiles
 r - 5 silver javelins (quivered) {throwing}
Armour
 b - a +0 scale mail (worn)
 c - a +0 buckler (worn)
 f - a +0 scale mail
   (You found it on level 3 of the Dungeon)
 h - a +0 ring mail
   (You took it off an orc on level 3 of the Dungeon)
 j - a +0 leather armour
   (You found it on level 3 of the Dungeon)
 k - a +0 leather armour
   (You found it on level 3 of the Dungeon)
Scrolls
 g - 2 scrolls of brand weapon {unknown}
 i - a scroll of vulnerability {unknown}
 n - 3 scrolls of immolation {unknown}
 o - 2 scrolls of identify {unknown}
 p - a scroll of amnesia {unknown}
 q - 3 scrolls of blinking {unknown}
 v - a scroll of teleportation {unknown}
 w - a scroll of enchant weapon {unknown}
 y - 2 scrolls of noise {unknown}
Potions
 d - 2 potions of might
 e - a potion of brilliance {unknown}
 l - 3 potions of degeneration {unknown}
 u - a potion of ambrosia {unknown}
 z - 2 potions of attraction {unknown}
 B - a potion of mutation {unknown}

Dungeon Overview and Level Annotations

Branches:
Dungeon (4/15)
 Temple: D:4-7

Altars:
Ru

...# .. ... ..... #.....#
#.........#.#. .$ ...
##.......#.#...# .#...#
................##.#.#.#.
..........>..............
.................{o....<.
..................o....#
................@.#...##
.........###.....##..##
.......#..#)........##
...##.##...........###
......##..###..........
##.....##.....#.........
##.<.#####...#.....##..
##### ##.###<.#.# # ###
...#...


You could see an orc priest and an orc wizard.


Message History

You now have 173 gold pieces (gained 12).
You open the door.
There is an open door here.
Found a stone staircase leading up.
You now have 179 gold pieces (gained 6).
k - a +0 leather armour You open the door.
There is an open door here.
You pick up a book of the Hunter and begin reading...
Unfortunately, you learned nothing new.
q - 3 scrolls labelled XIOWKI SOIMOF (gained 1)
There is an open door here.
Done exploring.
Done exploring.
Done exploring.
Done exploring.
(D) Dungeon
Where to? (Enter - D:3, ? - help)
You open the door.
There is an open door here.
There is a stone staircase leading down here.
You climb downwards.
There is a stone staircase leading up here.
No target in view!
Found an escape hatch in the floor.
Found a stone staircase leading up.
An orc wizard comes into view. It is wielding a +0 dagger.
The orc wizard points at you and mumbles some strange words.
You resist with some effort.
An orc wizard is nearby!
An orc wizard comes into view. It is wielding a +0 dagger.
The orc wizard shouts!
You hear a shout!
The orc wizard gestures at you while chanting.
You resist with some effort.
Found an escape hatch in the ceiling.
An orc priest comes into view. It is wielding a +0 whip.
The orc wizard casts a spell at you. You resist with some effort.
The orc wizard points at you and mumbles some strange words.
The puff of flame hits you!
You barely miss the orc wizard. Your headbutt misses the orc wizard.
The orc wizard hits you with a +0 dagger.
The orc wizard casts a spell at you. The magic dart hits you!
You are too injured to fight recklessly!
You are too injured to fight recklessly!
You are too injured to fight recklessly!
HP[-17]
You take 17 damage, and now have 22/39 hp.
MASSIVE DAMAGE!! (PAUSE)
You are too injured to fight recklessly!
You are too injured to fight recklessly!
You are too injured to fight recklessly!
You are too injured to fight recklessly!
You are too injured to fight recklessly!
You are too injured to fight recklessly!
You are too injured to fight recklessly!
You are too injured to fight recklessly!
You are too injured to fight recklessly!
You are too injured to fight recklessly!
You are too injured to fight recklessly!
You are too injured to fight recklessly!
You are too injured to fight recklessly!
You are too injured to fight recklessly!
You closely miss the orc wizard.
The orc priest calls down the wrath of Beogh upon you.
Pain shoots through your body!
* * * LOW HITPOINT WARNING * * *
The orc wizard gestures wildly while chanting.
The orc wizard flickers and vanishes!
Deactivating autopickup; reactivate with Ctrl-A.
HP[-3]
You take 3 damage, and now have 19/39 hp.
You closely miss something.
You hear some strange, mumbled words.
A magic dart appears from out of thin air!
The magic dart hits you.
* * * LOW HITPOINT WARNING * * *
HP[-5]
You take 5 damage, and now have 14/39 hp.
You closely miss the orc wizard. You headbutt the orc wizard.
You block the orc priest's attack. Something hits you.
* * * LOW HITPOINT WARNING * * *
You block the orc wizard's attack.
The orc priest calls upon Beogh to heal the orc wizard.
The orc wizard's wounds heal themselves!
Something hits you but does no damage.
The orc wizard hits you with a +0 dagger.
* * * LOW HITPOINT WARNING * * *
HP[-6]
You take 6 damage, and now have 8/39 hp.
The orc wizard attacks as you move away!
The orc wizard misses you.
The orc priest attacks as you move away!
The orc priest barely misses you. Something hits you.
* * * LOW HITPOINT WARNING * * *
You hear some strange, mumbled words.
A puff of flame appears from out of thin air!
The puff of flame hits you!
You die...

Skill      XL: |  1  2  3 |
---------------+----------+-----
Maces & Flails | 3 4 5 |  5.6
Fighting       | |  3.6
Armour         | |  3.6
Shields        | |  3.6

Action                   |  1- 3 |  4- 6 || total
-------------------------+-------+-------++-------
Melee: Flail             |    22 |       ||    22
       Headbutt          |    15 |     1 ||    16
       Morningstar       |    63 |    25 ||    88
Armor: Scale mail        |    49 |     7 ||    56
Dodge: Dodged            |    40 |    11 ||    51
Block: Buckler           |    16 |     6 ||    22

Levels and vault maps discovered:
D:1:      matt_arrival_refuge, layout_loops_ring,
          shapermc_ecumenical_altar_ellora, grunt_decor_one_mirror,
          grunt_decor_cap, minmay_pentomino_s4
D:2:      minmay_general_purpose_star, layout_basic, basic_altar,
          grunt_decor_fettered
D:3:      layout_basic
D:4:      nicolae_cairo_tiling_large_dashed, layout_cave_pools

Notes
Turn   | Place    | Note
-------+----------+-------------------------------------------
     0 | D:1      | zeratav the Minotaur Fighter began the quest for the Orb.
     0 | D:1      | Reached XP level 1. HP: 19/19 MP: 0/0
     0 | D:1      | magus.rc [v1.9.6]
    21 | D:1      | You pick up a book of Air and begin reading...
    21 | D:1      | You add the spells Shock, Swiftness and Airstrike to your
                  | library.
    72 | D:1      | You pick up a book of Scorching and begin reading...
    72 | D:1      | You add the spells Scorch, Flame Wave and Summon Cactus
                  | Giant to your library.
   101 | D:1      | You pick up a book of the Hunter and begin reading...
   101 | D:1      | You add the spells Call Canine Familiar, Portal Projectile
                  | and Leda's Liquefaction to your library.
   153 | D:1      | Reached skill level 3 in Maces & Flails
   212 | D:1      | Found a faded altar of an unknown god.
   317 | D:1      | You fall into a shaft and drop 1 floor!
   322 | D:2      | Reached XP level 2. HP: 26/26 MP: 1/1
   453 | D:2      | Reached skill level 4 in Maces & Flails
   766 | D:2      | Reached XP level 3. HP: 15/31 MP: 2/2
  1514 | D:2      | Found a sacrificial altar of Ru.
  2266 | D:3      | Reached skill level 5 in Maces & Flails
  2399 | D:3      | Reached XP level 4. HP: 39/39 MP: 3/3
  3081 | D:3      | You pick up a book of the Hunter and begin reading...
  3294 | D:4      | HP: 8/39 [orc wizard/+0 dagger (3)]
  3295 | D:4      | Killed from afar by an orc wizard

Vanquished Creatures
  4 adders
  A worm (D:2)
  An orc (D:3)
  8 endoplasms
  7 goblins
  A hobgoblin (D:3)
  6 jackals
  2 kobolds
  4 quokkas
  A ball python (D:2)
  5 bats
  3 frilled lizards
  5 rats
48 creatures vanquished.

Table legend:
 A = Non-vault XP
 B = Vault XP
 C = Vault XP percentage of total XP
 D = Non-vault monster count
 E = Vault monster count
 F = Vault count percentage of total count
                 A         B        C        D         E       F
            +---------+---------+-------+---------+---------+-------
      Total |     117 |      12 |   9.3 |      40 |       8 |  16.7
            +---------+---------+-------+---------+---------+-------
        D:1 |      20 |       6 |  23.1 |      14 |       3 |  17.6
        D:2 |      45 |       6 |  11.8 |      11 |       5 |  31.2
        D:3 |      52 |       0 |   0.0 |      15 |       0 |   0.0
            +---------+---------+-------+---------+---------+-------

Illustrated notes

Table legend:
 A = Kills in this place as a percentage of kills in entire the game.
 B = Kills by you in this place as a percentage of kills by you in the entire game.
 C = Kills by friends in this place as a percentage of kills by friends in the entire game.
 D = Other kills in this place as a percentage of other kills in the entire game.
 E = Experience gained in this place as a percentage of experience gained in the entire game.
 F = Experience gained in this place divided by the number of levels of this place that you have seen.
                   A       B       C       D       E      F
               +-------+-------+-------+-------+-------+----------------------
         Total | 100.0 | 100.0 |   N/A |   N/A | 100.0 |  32.2
       Dungeon | 100.0 | 100.0 |   N/A |   N/A | 100.0 |  32.2
               +-------+-------+-------+-------+-------+----------------------

Table legend: (Time is in decaauts)
 A = Elapsed time spent in this place.
 B = Non-inter-level travel time spent in this place.
 C = Inter-level travel time spent in this place.
 D = Time resting spent in this place.
 E = Time spent auto-exploring this place.
 F = Levels seen in this place.
 G = Mean time per level.
                   A        B        C        D        E       F      G
               +--------+--------+--------+--------+--------+-----+--------+
         Total |   3328 |   3225 |    103 |    635 |   2250 |   4 |  832.0 |
       Dungeon |   3328 |   3225 |    103 |    635 |   2250 |   4 |  832.0 |
               +--------+--------+--------+--------+--------+-----+--------+

Top non-repeatable levels by time:
     D:2: 1351 daAuts
     D:3: 1037 daAuts
     D:1: 912 daAuts
     D:4: 27 daAuts
